 Dungeon Crawl Stone Soup version 0.26-a0-639-g72c4674329 (webtiles) character file.

Game seed: 9567890670048224131

24729 DogServant the Thaumaturge (level 12, -1/75 HPs)
             Began as a Deep Elf Air Elementalist on Sept 15, 2020.
             Was an Elder of Vehumet.
             Killed from afar by Frances (31 damage)
             ... with a shard of ice
             ... on level 12 of the Dungeon.
             The game lasted 01:24:28 (26782 turns).

DogServant the Thaumaturge (DEAE)                  Turns: 26782, Time: 01:24:32

Health: -1/75      AC:  7    Str:  5    XL:     12   Next: 83%
Magic:  1/31       EV: 15    Int: 29    God:    Vehumet [****..]
Gold:   271        SH:  5    Dex: 15    Spells: 1/38 levels left

rFire    x . .     SeeInvis .   i - staff of conjuration
rCold    + . .     Faith    .   (no shield)
rNeg     . . .     Spirit   .   I - +2 robe {Archmagi}
rPois    .         Reflect  +   B - +2 hat {Int+3}
rElec    .         Harm     .   (no cloak)
rCorr    .         Rampage  .   s - +0 pair of gloves
MR       +....                  (no boots)
Stlth    ++........             a - amulet of reflection
HPRegen  0.22/turn              J - ring of ice
MPRegen  0.22/turn              h - ring of wizardry

@: sluggish, very slow
A: no striking features
a: Renounce Religion


You were on level 12 of the Dungeon.
You worshipped Vehumet.
Vehumet was greatly pleased with you.
You visited 3 branches of the dungeon, and saw 15 of its levels.
You also visited: Ossuary.

You collected 901 gold pieces.
You spent 630 gold pieces at shops.

Inventory:

Armour
 s - a +0 pair of gloves (worn)
 y - +0 acid dragon scales
 B - a +2 hat of intelligence (worn)
 D - a +0 helmet
 E - +0 ice dragon scales
 I - a +2 robe of the Archmagi (worn)
Magical Staves
 i - an uncursed staff of conjuration (weapon)
 r - an uncursed staff of death
Jewellery
 a - an amulet of reflection (around neck)
 h - a ring of wizardry (right hand)
 j - an uncursed ring of poison resistance
 p - an uncursed ring of positive energy
 t - a +6 ring of dexterity
 J - a ring of ice (left hand)
Wands
 k - a wand of paralysis (8)
 m - a wand of random effects (25)
 q - a wand of flame (29)
 v - a wand of acid (21)
 w - a wand of enslavement (7)
 z - a wand of iceblast (15)
Scrolls
 e - 4 scrolls of magic mapping
 o - 6 scrolls of remove curse
 u - 3 scrolls of amnesia
 A - a scroll of brand weapon {unknown}
 G - 3 scrolls of enchant armour
 L - 2 scrolls of enchant weapon
 M - a scroll of silence {unknown}
Potions
 c - a potion of heal wounds
 f - 3 potions of cancellation
 g - a potion of berserk rage {unknown}
 n - 3 potions of stabbing
 x - 4 potions of resistance
 F - 2 potions of flight {unknown}
 H - a potion of mutation {unknown}


   Skills:
 + Level 8.7 Fighting
 - Level 5.8 Dodging
 - Level 2.4 Stealth
 + Level 13.5 Spellcasting
 + Level 11.4 Conjurations
 + Level 2.3 Fire Magic
 + Level 11.6 Air Magic


You had one spell level left.
You knew the following spells:

 Your Spells              Type           Power        Failure   Level
a - Shock                 Conj/Air       ####         0%          1
b - Swiftness             Air            #######.     1%          2
c - Static Discharge      Conj/Air       ########     1%          3
d - Airstrike             Air            #######...   1%          4
e - Lightning Bolt        Conj/Air       ########..   1%          5
f - Searing Ray           Conj           ######       1%          2
g - Dazzling Flash        Conj/Hex       ######       1%          3
h - Orb of Destruction    Conj           ########..   2%          7
i - Iskenderun's Battles  Conj           ########     1%          5
j - Bolt of Magma         Conj/Fire/Erth #######...   1%          5

Your spell library contained the following spells:

 Spells                   Type           Power        Failure   Level
 Conjure Flame            Conj/Fire      #######.     1%          3
 Animate Skeleton         Necr           ####..       1%          1
 Beastly Appendage        Tmut           ####..       1%          1
 Corona                   Hex            ####...      1%          1
 Pain                     Necr           ####         1%          1
 Ensorcelled Hibernation  Hex/Ice        #####.       1%          2
 Wereblood                Tmut           ####....     1%          2
 Confusing Touch          Hex            ####....     3%          3
 Spider Form              Tmut/Pois      ####......   3%          3
 Tukima's Dance           Hex            ####....     3%          3
 Vampiric Draining        Necr           ####......   3%          3
 Iron Shot                Conj/Erth      #######...   4%          6
 Animate Dead             Necr           ####......   11%         4
 Ice Form                 Ice/Tmut       #####...     11%         4
 Spellforged Servitor     Conj/Summ      #######...   22%         7
 Agony                    Necr           ####....     28%         5
 Blade Hands              Tmut           ####......   28%         5


Dungeon Overview and Level Annotations

Branches:
Dungeon (12/15)            Temple (1/1) D:5            Lair (2/6) D:9
    Orc (0/2) D:12        Ossuary (visited)
  Swamp: Lair:2-4    Shoals: Lair:2-4     Snake: Lair:2-4    Spider: Lair:2-4

Altars:
Ashenzari
Cheibriados
Dithmenos
Elyvilon
Fedhas
Gozag
Hepliaklqana
Makhleb
Nemelex Xobeh
Qazlal
Ru
Sif Muna
Trog
Uskayaw
Vehumet
Wu Jian
Xom
Yredelemnul
Zin
The Shining One

Shops:
D:5 (   D:8 :

Annotations:
D:12 Frances


Message History

The centaur warrior skeleton is severely damaged.
Frances hits you but does no damage.
The centaur warrior skeleton hits you but does no damage.
The chaos spawn gores you but does no damage.
The hellwing hits you but does no damage. x2
The hellwing hits you.
The hellwing hits you but does no damage.
You hit the chaos spawn but do no damage.
You blast the chaos spawn!
The chaos spawn is almost dead.
You feel less wooden.
Your +2 hat of intelligence unmelds from your body.
Your +0 pair of gloves unmelds from your body.
Your +2 robe of the Archmagi unmelds from your body.
You feel clever.
You feel powerful.
The centaur warrior skeleton closely misses you.
Frances chants phrases taken from a devil's mouth.
The shard of ice hits you!! You partially resist.
You die...

. . .....#####.....## ....
. ........##......# ##....
#. #..##....#O..#.##
.....# #.##Y..#.......####
.....# .. ... #...#.##.T##
.....# #..##.##.*.# ##...#
.# #.........###..### ##
.....#..4Z[......# # ...
###@@).....## ### .
#..44.......# ..###
##..........?# ....#
.....K........#
....#######.<##.##.#.....#
....#8...8#.. #.##.#.#####
#####..)..#. K......#
###.#..>).# ........#
##..#..).)###


You could see Frances, 2 hellwings, a chaos spawn (summoned), a big kobold, a
kobold, a centaur warrior skeleton and a friendly battlesphere.

Vanquished Creatures
  Gastronok (D:11)
  An ice dragon (D:11)
  A hydra (D:8)
  A two-headed ogre (D:12)
  Nergalle (Lair:1)
  Sonja (Lair:1)
  An unseen horror (D:10)
  An orc knight (D:7)
  An ugly thing (D:11)
  An orc sorcerer (D:7)
  A manticore (D:11)
  Joseph (Lair:1)
  2 cane toads (Lair:1)
  Maggie (Lair:1)
  A kobold demonologist (D:12)
  3 trolls
  5 slime creatures
  2 hornets (D:11)
  4 hippogriffs
  A meliai zombie (D:11)
  14 yaks
  A wraith (D:10)
  A basilisk (Lair:2)
  A steam dragon (D:9)
  A water moccasin (Lair:2)
  17 wargs (D:7)
  5 porcupines
  An acid dragon (D:9)
  11 orc warriors
  4 black bears
  4 ice beasts
  3 sky beasts
  3 phantoms
  10 wolves (Lair:2)
  7 centaurs
  8 ogres
  2 crocodiles
  6 big kobolds
  4 gnoll sergeants
  5 bullfrogs
  6 scorpions
  4 killer bees
  2 electric eels (D:11)
  2 howler monkeys
  2 bullfrog zombies
  3 bullfrog skeletons
  3 centaur zombies (Ossuary)
  3 hounds
  A jelly (D:5)
  8 orc priests
  6 orc wizards
  An iguana (D:7)
  4 centaur skeletons
  9 worker ants
  A killer bee zombie (D:5)
  A big kobold zombie (Ossuary)
  3 hound zombies
  A hound skeleton (D:10)
  6 mummies
  A worker ant zombie (D:10)
  10 gnolls
  A howler monkey skeleton (D:4)
  10 adders
  3 shadow imps
  A white imp (D:10)
  An ufetubus (D:3)
  An adder zombie (D:9)
  4 worms
  A dart slug (D:3)
  6 leopard geckos
  60 orcs
  2 ball pythons
  7 bats
  9 giant cockroaches
  6 goblins
  6 hobgoblins
  7 jackals
  19 kobolds
  2 quokkas (D:8)
  5 frilled lizards (D:1)
  3 hobgoblin zombies (Ossuary)
  A quokka zombie (D:2)
  7 rats
  2 butterflies (D:5)
380 creatures vanquished.

Vanquished Creatures (others)
  A sky beast (D:12)
  47 fungi
  58 plants
  A withered plant (D:4)
107 creatures vanquished.

Grand Total: 487 creatures vanquished

Notes
Turn   | Place    | Note
-------+----------+-------------------------------------------
     0 | D:1      | DogServant the Deep Elf Air Elementalist began the quest
                  | for the Orb.
     0 | D:1      | Reached XP level 1. HP: 10/10 MP: 6/6
   298 | D:1      | Reached XP level 2. HP: 15/15 MP: 6/8
   963 | D:1      | Reached XP level 3. HP: 19/19 MP: 6/10
  1224 | D:1      | Learned a level 2 spell: Swiftness
  1228 | D:1      | Learned a level 3 spell: Static Discharge
  2760 | D:3      | Reached skill level 4 in Spellcasting
  3037 | D:3      | Reached XP level 4. HP: 24/24 MP: 2/12
  3564 | D:3      | Reached XP level 5. HP: 28/28 MP: 8/13
  4374 | D:3      | Reached skill level 5 in Spellcasting
  4757 | D:4      | Learned a level 4 spell: Airstrike
  4868 | D:4      | Found a basalt altar of Yredelemnul.
  4925 | D:4      | Noticed an ogre
  4929 | D:4      | Noticed an ogre
  4933 | D:4      | Reached XP level 6. HP: 32/32 MP: 10/15
  5019 | D:4      | Reached skill level 5 in Air Magic
  5044 | D:4      | HP: 1/32 [ogre/+0 giant club (16)]
  5066 | D:4      | Reached skill level 6 in Spellcasting
  5066 | D:4      | Reached XP level 7. HP: 3/36 MP: 1/18
  5829 | D:4      | Reached skill level 5 in Conjurations
  5850 | D:4      | Learned a level 5 spell: Lightning Bolt
  6220 | D:5      | Entered Level 5 of the Dungeon
  6250 | D:5      | Found a sand-covered staircase.
  6254 | Ossuary  | Entered an ossuary
  6303 | Ossuary  | Reached skill level 1 in Fighting
  6306 | Ossuary  | Reached skill level 7 in Spellcasting
  6818 | D:5      | Found a staircase to the Ecumenical Temple.
  6824 | Temple   | Entered the Ecumenical Temple
  6850 | Temple   | Became a worshipper of Vehumet
  7033 | D:5      | Reached XP level 8. HP: 44/44 MP: 7/20
  7116 | D:5      | Found a snail-covered altar of Cheibriados.
  7173 | D:5      | Found a shattered altar of Ashenzari.
  7664 | D:5      | Found Givvudda's Antique Weapon Shop.
  8832 | D:8      | Noticed a seven-headed hydra
  9082 | D:9      | Reached * piety under Vehumet
  9082 | D:9      | Offered knowledge of Magic Dart by Vehumet.
  9082 | D:9      | Reached skill level 8 in Spellcasting
  9195 | D:9      | Reached XP level 9. HP: 52/52 MP: 2/23
  9541 | D:8      | Found Ejuico's Book Shop.
 10644 | D:7      | Noticed an orc knight
 10645 | D:7      | Reached skill level 9 in Spellcasting
 10889 | D:7      | Reached skill level 5 in Fighting
 11294 | D:7      | Reached XP level 10. HP: 59/59 MP: 12/25
 11770 | D:7      | Reached ** piety under Vehumet
 11813 | D:7      | Offered knowledge of Searing Ray by Vehumet.
 11813 | D:7      | Reached skill level 10 in Spellcasting
 12698 | D:6      | Learned a level 2 spell: Searing Ray
 13083 | D:7      | Found a bloodstained altar of Trog.
 13177 | D:7      | Noticed an orc sorcerer
 13180 | D:7      | Killed an orc sorcerer
 13576 | D:7      | Killed an orc knight
 14068 | D:8      | Killed a seven-headed hydra
 14068 | D:8      | Reached skill level 11 in Spellcasting
 15151 | D:9      | Reached XP level 11. HP: 66/66 MP: 20/28
 15474 | D:9      | Found a staircase to the Lair.
 15708 | D:10     | Entered Level 10 of the Dungeon
 16097 | D:10     | Reached skill level 10 in Air Magic
 16372 | Lair:1   | Entered Level 1 of the Lair of Beasts
 16372 | Lair:1   | Noticed Maggie
 16376 | Lair:1   | Killed Maggie
 16562 | Lair:2   | Offered knowledge of Dazzling Flash by Vehumet.
 17100 | Lair:2   | HP: 5/100 [yak (7)]
 18389 | Lair:2   | Reached *** piety under Vehumet
 18389 | Lair:2   | Reached skill level 12 in Spellcasting
 18413 | Lair:2   | Reached skill level 10 in Conjurations
 19396 | Lair:1   | Noticed Joseph
 19402 | Lair:1   | Killed Joseph
 19520 | Lair:1   | Noticed Nergalle
 20484 | Lair:1   | Noticed Sonja
 20489 | Lair:1   | Killed Sonja
 20906 | Lair:1   | Learned a level 3 spell: Dazzling Flash
 21407 | Lair:1   | Killed Nergalle
 22335 | D:10     | Killed an unseen horror
 22335 | D:10     | Reached XP level 12. HP: 31/73 MP: 13/30
 24399 | D:11     | Got a spiked scale mail
 24411 | D:11     | Identified the +4 scale mail "Minal" {Harm MP+9 Str+3
                  | Int+2} (You found it on level 11 of the Dungeon)
 24432 | D:11     | Offered knowledge of Inner Flame by Vehumet.
 24432 | D:11     | Reached skill level 5 in Dodging
 25341 | D:8      | Bought a book of Power for 630 gold pieces
 25389 | D:11     | Noticed Gastronok
 25404 | D:10     | Learned a level 7 spell: Orb of Destruction
 25416 | D:11     | Killed Gastronok
 25416 | D:11     | Reached skill level 13 in Spellcasting
 25424 | D:11     | Learned a level 5 spell: Iskenderun's Battlesphere
 25430 | D:11     | Learned a level 5 spell: Bolt of Magma
 26121 | D:11     | Identified a scroll of acquirement
 26121 | D:11     | Acquired an uncursed staff of conjuration
 26374 | D:11     | Noticed an ice dragon
 26451 | D:11     | Killed an ice dragon
 26451 | D:11     | Reached skill level 1 in Fire Magic
 26698 | D:12     | Found a staircase to the Orcish Mines.
 26703 | D:12     | Reached **** piety under Vehumet
 26704 | D:12     | Offered knowledge of Conjure Flame by Vehumet.
 26728 | D:12     | Noticed a two-headed ogre
 26764 | D:12     | Noticed Frances
 26771 | D:12     | Killed a two-headed ogre
 26782 | D:12     | Killed from afar by Frances

Illustrated notes

Levels and vault maps discovered:
D:1:      giann_forest_graveyard, layout_basic, minmay_cut_off
D:2:      layout_loops_ring, st_stairs_10
D:3:      layout_basic
D:4:      layout_rooms, yredelemnul_altar_generic
D:5:      layout_loops_cross, slow_altar_2, minmay_temple_entry_butterflies,
          nicolae_ossuary_entry_false_entrances, serial_shops,
          kennysheep_little_box, basic_altar, minmay_strange_pillars,
          palyth_stone_intersect, st_stairs_4, hangedman_abyss_or_decor_slice
D:6:      lemuel_upstairs_altar, layout_basic
D:7:      lemuel_castle_with_subvaults [lemuel_castle_interior_carwin_2],
          layout_basic, trog_butcher_becter
D:8:      layout_loops_cross, serial_shops, nicolae_shop_stone
D:9:      layout_roguey, due_lair_maze_entry_diamond
D:10:     layout_rooms
D:11:     dragon1_lemuel, layout_grid_maze, uniq_gastronok
D:12:     layout_cave_pools, kennysheep_orc_monster_closet_entryway,
          serial_column_ruins, column_ruins_courtyard_long_water,
          column_ruins_square_huge, column_ruins_columns_corner,
          column_ruins_corridor_T, column_ruins_grid_1, column_ruins_open_tiny,
          minmay_bent, uniq_frances
Temple:   grunt_wide_crystal_templ
Lair:1:   layout_cave_pods, minmay_hedge_maze, patterned_corridor,
          infiniplex_staircase_pool_2, uniq_nergalle, uniq_sonja, uniq_joseph,
          uniq_maggie
Lair:2:   layout_cave_pods

Skill      XL: |  1  2  3  4  5  6  7  8  9 10 11 12 |
---------------+-------------------------------------+-----
Conjurations   | 2 3 4 5 6 7 9 10 11 | 11.4
Spellcasting   | 4 5 6 7 8 9 11 12 13 | 13.5
Air Magic      | 4 5 6 7 8 9 10 11 | 11.6
Fighting       | 1 3 5 6 7 8 |  8.7
Dodging        | 4 5 |  5.8
Fire Magic     | 2 |  2.3
Stealth        | |  2.4

Action                   |  1- 3 |  4- 6 |  7- 9 | 10-12 || total
-------------------------+-------+-------+-------+-------++-------
Melee: Unarmed           |     7 |       |       |       ||     7
       Dagger            |       |       |    19 |       ||    19
       Staff             |       |       |     5 |    52 ||    57
 Cast: Shock             |   103 |    98 |   107 |    35 ||   343
       Swiftness         |     2 |     6 |    10 |    23 ||    41
       Airstrike         |       |       |   112 |   281 ||   393
       Static Discharge  |       |       |     5 |    12 ||    17
       Lightning Bolt    |       |       |     3 |    35 ||    38
       Searing Ray       |       |       |       |    19 ||    19
       Dazzling Flash    |       |       |       |     3 ||     3
       Iskenderun's Batt |       |       |       |     4 ||     4
       Orb of Destructio |       |       |       |     3 ||     3
       Bolt of Magma     |       |       |       |     2 ||     2
Evoke: Wand              |       |       |     1 |     8 ||     9
  Use: Scroll            |       |     8 |     5 |    22 ||    35
       Potion            |       |       |     7 |    16 ||    23
 Stab: Sleeping          |       |       |     1 |       ||     1
Armor: Robe              |    15 |     1 |     7 |     6 ||    29
       Skin              |       |       |    44 |    89 ||   133
       Acid dragon scale |       |       |     5 |    82 ||    87
Dodge: Dodged            |    32 |     9 |    44 |   203 ||   288
Block: Other             |       |       |       |    31 ||    31
       Reflection        |       |       |       |     8 ||     8

Table legend: (Time is in decaauts)
 A = Elapsed time spent in this place.
 B = Non-inter-level travel time spent in this place.
 C = Inter-level travel time spent in this place.
 D = Time resting spent in this place.
 E = Time spent auto-exploring this place.
 F = Levels seen in this place.
 G = Mean time per level.
                   A        B        C        D        E       F      G
               +--------+--------+--------+--------+--------+-----+--------+
         Total |  26747 |  25871 |    876 |  11539 |  11271 |  16 | 1671.7 |
       Dungeon |  20774 |  19978 |    796 |   8466 |   8967 |  12 | 1731.2 |
        Temple |     47 |     40 |      7 |      0 |     34 |   1 |   47.0 |
          Lair |   5475 |   5402 |     73 |   2730 |   2261 |   2 | 2737.5 |
       Ossuary |    450 |    450 |      0 |    342 |      8 |   1 |  450.0 |
               +--------+--------+--------+--------+--------+-----+--------+

Top non-repeatable levels by time:
     D:7: 4072 daAuts
  Lair:2: 3043 daAuts
     D:9: 2621 daAuts
     D:3: 2433 daAuts
  Lair:1: 2431 daAuts
    D:11: 2371 daAuts
    D:10: 1818 daAuts
     D:1: 1602 daAuts
     D:8: 1560 daAuts
     D:5: 1299 daAuts
     D:2: 1097 daAuts
     D:4: 1087 daAuts
     D:6: 708 daAuts
 Ossuary: 450 daAuts
    D:12: 101 daAuts
